CBL
MILWAUKEE MILKMEN @ NASHVILLE OUTLAWS
09/02/2053
 
TOP OF THE 1ST
Milwaukee Milkmen batting - Pitching for Nashville Outlaws : LHP Jeff Werstein
Pitching: LHP Jeff Werstein
Batting: RHB Cam Smith 0-0: Called Strike
0-1: Fly out, F8 (Flyball, 78S, EV 81.3 MPH)
Batting: RHB Ed Neidhardt 0-0: Called Strike
0-1: Foul Ball, location: 3DF
0-2: Foul Ball, location: 2F
0-2: Ball
1-2: Strikes out looking
Batting: LHB Jimmy Donuts 0-0: Ball
1-0: Ball
2-0: Ball
3-0: Base on Balls
Batting: RHB Carlos Valderrama 0-0: DOUBLE (Flyball, 8RXD, EV 110.6 MPH)
Jimmy Donuts to third
Runner from 3rd tries for Home, SAFE, no throw by CF
Batting: RHB Lou Hudley 0-0: Ball
1-0: Ball
2-0: Ball
3-0: Called Strike
3-1: Foul Ball, location: 3SF
3-2: Reached on error, E5 (Groundball, 56S, EV 68.1 MPH)
Carlos Valderrama scores
Batting: RHB Josh Milinovich 0-0: Ball
1-0: Ball
2-0: Swinging Strike
2-1: Called Strike
2-2: Strikes out swinging
Top of the 1st over - 2 runs, 1 hit, 1 error, 1 left on base; Milwaukee 2 - Nashville 0
BOTTOM OF THE 1ST
Nashville Outlaws batting - Pitching for Milwaukee Milkmen : LHP Randy Leisher
Pitching: LHP Randy Leisher
Batting: LHB Joe Loback 0-0: SINGLE (Line Drive, 9S, EV 100.6 MPH)
Batting: RHB Greg Ritch 0-0: Ball
1-0: Ball
Wild Pitch!
Joe Loback to second
2-0: Swinging Strike
2-1: Fly out, F9 (Flyball, 9D, EV 104.4 MPH)
Runner from 2nd tags up, SAFE at 3rd, no throw by RF
Batting: RHB Joe Del Viscio 0-0: Ball
1-0: Called Strike
1-1: Foul Ball, location: 2F
1-2: Ball
2-2: Fly out, F7 (Flyball, 7S, EV 92.5 MPH)
Batting: RHB Jed Mergenthal 0-0: Swinging Strike
0-1: Ball
1-1: Ball
2-1: Foul Ball, location: 3FF
2-2: Ball
3-2: Base on Balls
Batting: RHB Mauro Arrey 0-0: Foul Ball, location: 2F
0-1: Ball
1-1: Ball
2-1: Foul Ball, location: 9LMF
2-2: Ball
3-2: Foul Ball, location: 2F
3-2: Fly out, F4 (Popup, 3, EV 56.9 MPH)
Bottom of the 1st over - 0 runs, 1 hit, 0 errors, 2 left on base; Milwaukee 2 - Nashville 0
TOP OF THE 2ND
Milwaukee Milkmen batting - Pitching for Nashville Outlaws : LHP Jeff Werstein
Batting: SHB Mac Ciciarelli 0-0: Called Strike
0-1: Ball
1-1: Foul Ball, location: 3DF
1-2: Ball
2-2: Ball
3-2: Fly out, F8 (Flyball, 8LS, EV 92.5 MPH)
Batting: LHB Tim Massey 0-0: Foul Ball, location: 23FF
0-1: Swinging Strike
0-2: Strikes out swinging
Batting: LHB Israel González 0-0: Ball
1-0: Called Strike
1-1: Called Strike
1-2: Hit by Pitch
Batting: RHB Cam Smith 0-0: Ball
1-0: Called Strike
1-1: Ball
2-1: Foul Ball, location: 5F
2-2: Strikes out looking
Top of the 2nd over - 0 runs, 0 hits, 0 errors, 1 left on base; Milwaukee 2 - Nashville 0
BOTTOM OF THE 2ND
Nashville Outlaws batting - Pitching for Milwaukee Milkmen : LHP Randy Leisher
Batting: LHB Bob Sacamano 0-0: Ball
1-0: Ball
2-0: Fly out, F8 (Flyball, 89M, EV 92.5 MPH)
Batting: RHB Pancho Pacheco 0-0: Ball
1-0: Ball
2-0: Swinging Strike
2-1: Swinging Strike
2-2: Foul Ball, location: 5FF
2-2: Strikes out swinging
Batting: LHB Pancho Amador 0-0: Called Strike
0-1: Swinging Strike
0-2: DOUBLE (Groundball, 3L, EV 100.0 MPH)
Batting: RHB Tony Hernández 0-0: Called Strike
0-1: DOUBLE (Flyball, 8RD, EV 98.1 MPH)
Pancho Amador scores
Batting: LHB Joe Loback 0-0: Called Strike
0-1: Called Strike
0-2: Ball
1-2: Fly out, F8 (Line Drive, 8RD, EV 88.8 MPH)
Bottom of the 2nd over - 1 run, 2 hits, 0 errors, 1 left on base; Milwaukee 2 - Nashville 1
TOP OF THE 3RD
Milwaukee Milkmen batting - Pitching for Nashville Outlaws : LHP Jeff Werstein
Batting: RHB Ed Neidhardt 0-0: Foul Ball, location: 2F
0-1: Ball
1-1: Foul Ball, location: 9LMF
1-2: Fly out, F9 (Line Drive, 9S, EV 88.8 MPH)
Batting: LHB Jimmy Donuts 0-0: Ball
1-0: Foul Ball, location: 9LSF
1-1: Called Strike
1-2: Ball
2-2: Foul Ball, location: 3F
2-2: Foul Ball, location: 2F
2-2: Strikes out swinging
Batting: RHB Carlos Valderrama 0-0: Ball
1-0: Called Strike
1-1: Swinging Strike
1-2: Strikes out swinging
Top of the 3rd over - 0 runs, 0 hits, 0 errors, 0 left on base; Milwaukee 2 - Nashville 1
BOTTOM OF THE 3RD
Nashville Outlaws batting - Pitching for Milwaukee Milkmen : LHP Randy Leisher
Batting: RHB Greg Ritch 0-0: Called Strike
0-1: Ball
1-1: Ground out 6-3 (Groundball, 6M, EV 94.4 MPH)
Batting: RHB Joe Del Viscio 0-0: Ball
1-0: Foul Ball, location: 23F
1-1: Ball
2-1: Foul Ball, location: 3F
2-2: SINGLE (Groundball, 6MD, EV 101.9 MPH)
Batting: RHB Jed Mergenthal 0-0: Called Strike
0-1: Grounds into double play, 6-4-3 (Groundball, 6, EV 102.5 MPH)
Bottom of the 3rd over - 0 runs, 1 hit, 0 errors, 0 left on base; Milwaukee 2 - Nashville 1
TOP OF THE 4TH
Milwaukee Milkmen batting - Pitching for Nashville Outlaws : LHP Jeff Werstein
Batting: RHB Lou Hudley 0-0: Called Strike
0-1: Ball
1-1: Swinging Strike
1-2: Strikes out swinging
Batting: RHB Josh Milinovich 0-0: Ball
1-0: Ball
2-0: SINGLE (Flyball, 8LS, EV 89.4 MPH)
Batting: SHB Mac Ciciarelli 0-0: Called Strike
0-1: Foul Ball, location: 7LDF
0-2: Ball
1-2: Foul Ball, location: 2F
1-2: Strikes out swinging
Batting: LHB Tim Massey 0-0: Ball
1-0: Called Strike
1-1: Ball
2-1: Ground out 5-3 (Groundball, 56S, EV 71.9 MPH)
Top of the 4th over - 0 runs, 1 hit, 0 errors, 1 left on base; Milwaukee 2 - Nashville 1
BOTTOM OF THE 4TH
Nashville Outlaws batting - Pitching for Milwaukee Milkmen : LHP Randy Leisher
Batting: RHB Mauro Arrey 0-0: Called Strike
0-1: Fly out, F5 (Popup, 56S, EV 65.0 MPH)
Batting: LHB Bob Sacamano 0-0: Called Strike
0-1: Ball
1-1: Ball
2-1: Foul Ball, location: 3F
2-2: Foul Ball, location: 25FF
2-2: Foul Ball, location: 2F
2-2: Fly out, F6 (Popup, 6M, EV 50.6 MPH)
Batting: RHB Pancho Pacheco 0-0: Ball
1-0: Swinging Strike
1-1: DOUBLE (Line Drive, 7LS, EV 106.9 MPH)
Batting: LHB Pancho Amador 0-0: Ball
1-0: Swinging Strike
1-1: Ball
2-1: Ball
3-1: Called Strike
3-2: Strikes out looking
Bottom of the 4th over - 0 runs, 1 hit, 0 errors, 1 left on base; Milwaukee 2 - Nashville 1
TOP OF THE 5TH
Milwaukee Milkmen batting - Pitching for Nashville Outlaws : LHP Jeff Werstein
Batting: LHB Israel González 0-0: Ball
1-0: Called Strike
1-1: Ball
2-1: Foul Ball, location: 5F
2-2: Foul Ball, location: 25F
2-2: Ball
3-2: Strikes out looking
Batting: RHB Cam Smith 0-0: Ball
1-0: Called Strike
1-1: Ball
2-1: Ball
3-1: Fly out, F7 (Flyball, 7LMF, EV 97.5 MPH)
Batting: RHB Ed Neidhardt 0-0: Foul Ball, location: 5DF
0-1: Swinging Strike
0-2: Ball
1-2: Fly out, F9 (Line Drive, 9LS, EV 94.4 MPH)
Top of the 5th over - 0 runs, 0 hits, 0 errors, 0 left on base; Milwaukee 2 - Nashville 1
BOTTOM OF THE 5TH
Nashville Outlaws batting - Pitching for Milwaukee Milkmen : LHP Randy Leisher
Batting: RHB Tony Hernández 0-0: Ball
1-0: Ball
2-0: Foul Ball, location: 9LDF
2-1: Ball
3-1: Foul Ball, location: 25F
3-2: Reached via error on a dropped throw from 1B, E1 (Groundball, 34, EV 105.0 MPH)
Batting: LHB Joe Loback 0-0: Ball
1-0: Called Strike
1-1: SINGLE (Groundball, 6MS, EV 66.9 MPH) (infield hit)
Tony Hernández to second
Batting: RHB Greg Ritch 0-0: Ball
1-0: Grounds into double play, 4-6-3 (Groundball, 4S, EV 81.9 MPH)
Tony Hernández to third
Batting: RHB Joe Del Viscio 0-0: Ball
1-0: Ball
2-0: Ball
3-0: Called Strike
3-1: Base on Balls
Batting: RHB Jed Mergenthal 0-0: Called Strike
0-1: Fly out, F8 (Line Drive, 89M, EV 93.1 MPH)
Bottom of the 5th over - 0 runs, 1 hit, 1 error, 2 left on base; Milwaukee 2 - Nashville 1
TOP OF THE 6TH
Milwaukee Milkmen batting - Pitching for Nashville Outlaws : LHP Jeff Werstein
Batting: LHB Jimmy Donuts 0-0: Ball
1-0: Foul Ball, location: 2F
1-1: Ball
2-1: Called Strike
2-2: Ground out 5-3 (Groundball, 56, EV 86.9 MPH)
Pitching: RHP Tsutomo Kimmell
Batting: RHB Carlos Valderrama 0-0: Foul Ball, location: 9LMF
0-1: Foul Ball, location: 2F
0-2: Ball
1-2: Ball
2-2: Strikes out swinging
Batting: RHB Lou Hudley 0-0: Ball
1-0: Called Strike
1-1: Called Strike
1-2: Strikes out swinging
Top of the 6th over - 0 runs, 0 hits, 0 errors, 0 left on base; Milwaukee 2 - Nashville 1
BOTTOM OF THE 6TH
Nashville Outlaws batting - Pitching for Milwaukee Milkmen : LHP Randy Leisher
Pitching: RHP José Fabila
Batting: RHB Mauro Arrey 0-0: Fly out, F8 (Flyball, 8RM, EV 87.5 MPH)
Batting: LHB Bob Sacamano 0-0: Ground out 4-3 (Groundball, 4, EV 76.9 MPH)
Batting: RHB Pancho Pacheco 0-0: Called Strike
0-1: Ball
1-1: DOUBLE (Flyball, 7LD, EV 99.4 MPH)
Batting: LHB Pancho Amador 0-0: DOUBLE (Flyball, 8LXD, EV 112.5 MPH)
Pancho Pacheco scores
Pinch Hitting: LHB Joe Graner 0-0: Foul Ball, location: 2F
0-1: Ground out 6-3 (Groundball, 6M, EV 85.6 MPH)
Bottom of the 6th over - 1 run, 2 hits, 0 errors, 1 left on base; Milwaukee 2 - Nashville 2
TOP OF THE 7TH
Milwaukee Milkmen batting - Pitching for Nashville Outlaws : RHP Tsutomo Kimmell
Now at SS: Danny Kirk
Batting: RHB Josh Milinovich 0-0: Foul Ball, location: 2RF
0-1: Foul Ball, location: 9LSF
0-2: Ball
1-2: Ball
2-2: Ball
3-2: Base on Balls
Batting: SHB Mac Ciciarelli 0-0: Foul Ball, location: 2F
0-1: Ball
1-1: Swinging Strike
1-2: Ball
2-2: Strikes out swinging
Batting: LHB Tim Massey 0-0: Swinging Strike
0-1: Fly out, F8 (Line Drive, 8LM, EV 106.9 MPH)
Batting: LHB Israel González 0-0: Fly out, F8 (Flyball, 8RM, EV 75.0 MPH)
Top of the 7th over - 0 runs, 0 hits, 0 errors, 1 left on base; Milwaukee 2 - Nashville 2
BOTTOM OF THE 7TH
Nashville Outlaws batting - Pitching for Milwaukee Milkmen : RHP José Fabila
Batting: LHB Joe Loback 0-0: Ball
1-0: Ball
2-0: Called Strike
2-1: Fly out, F7 (Flyball, 7D, EV 97.5 MPH)
Batting: RHB Greg Ritch 0-0: Ball
1-0: Swinging Strike
1-1: Foul Ball, location: 9LDF
1-2: Ball
2-2: Strikes out swinging
Batting: RHB Joe Del Viscio 0-0: Foul Ball, location: 5SF
0-1: Foul Ball, location: 2F
0-2: Strikes out swinging
Bottom of the 7th over - 0 runs, 0 hits, 0 errors, 0 left on base; Milwaukee 2 - Nashville 2
TOP OF THE 8TH
Milwaukee Milkmen batting - Pitching for Nashville Outlaws : RHP Tsutomo Kimmell
Batting: RHB Cam Smith 0-0: Fly out, F9 (Flyball, 9D, EV 88.8 MPH)
Batting: RHB Ed Neidhardt 0-0: Called Strike
0-1: Foul Ball, location: 2F
0-2: Strikes out swinging
Batting: LHB Jimmy Donuts 0-0: Called Strike
0-1: Foul Ball, location: 2F
0-2: Ball
1-2: Ball
2-2: Fly out, F4 (Popup, 34, EV 55.0 MPH)
Top of the 8th over - 0 runs, 0 hits, 0 errors, 0 left on base; Milwaukee 2 - Nashville 2
BOTTOM OF THE 8TH
Nashville Outlaws batting - Pitching for Milwaukee Milkmen : RHP José Fabila
Batting: RHB Jed Mergenthal 0-0: Called Strike
0-1: Ball
1-1: Ball
2-1: Swinging Strike
2-2: Strikes out swinging
Batting: RHB Mauro Arrey 0-0: Ball
1-0: Fly out, F9 (Flyball, S6, EV 86.3 MPH)
Batting: LHB Bob Sacamano 0-0: Ball
1-0: Called Strike
1-1: Called Strike
1-2: Ball
2-2: SINGLE (Groundball, 34D, EV 101.9 MPH) (infield hit)
Pitching: LHP J.R. Ouzts
Batting: RHB Pancho Pacheco 0-0: Ball
1-0: Fly out, F9 (Flyball, 89S, EV 91.3 MPH)
Bottom of the 8th over - 0 runs, 1 hit, 0 errors, 1 left on base; Milwaukee 2 - Nashville 2
TOP OF THE 9TH
Milwaukee Milkmen batting - Pitching for Nashville Outlaws : RHP Tsutomo Kimmell
Pitching: LHP António Mora
Batting: RHB Carlos Valderrama 0-0: Ball
1-0: Called Strike
1-1: Ball
2-1: Foul Ball, location: 9LSF
2-2: Fly out, F9 (Line Drive, 9, EV 89.4 MPH)
Batting: RHB Lou Hudley 0-0: Called Strike
0-1: Called Strike
0-2: Ball
1-2: Strikes out swinging
Batting: RHB Josh Milinovich 0-0: Foul Ball, location: 7LDF
0-1: Ball
1-1: Ball
2-1: Foul Ball, location: 5F
2-2: Strikes out looking
Top of the 9th over - 0 runs, 0 hits, 0 errors, 0 left on base; Milwaukee 2 - Nashville 2
BOTTOM OF THE 9TH
Nashville Outlaws batting - Pitching for Milwaukee Milkmen : LHP J.R. Ouzts
Batting: LHB Pancho Amador 0-0: Called Strike
0-1: Foul Ball, location: 2F
0-2: Fly out, F8 (Flyball, 8RD, EV 97.5 MPH)
Batting: RHB Danny Kirk 0-0: Ball
1-0: Ground out U3 (Groundball, 34, EV 107.5 MPH)
Batting: LHB Joe Loback 0-0: Ball
1-0: Ball
2-0: Called Strike
2-1: Called Strike
2-2: Foul Ball, location: 9LDF
2-2: Foul Ball, location: 7LSF
2-2: Foul Ball, location: 23F
2-2: Ball
3-2: Ground out U3 (Groundball, 3, EV 89.4 MPH)
Bottom of the 9th over - 0 runs, 0 hits, 0 errors, 0 left on base; Milwaukee 2 - Nashville 2
TOP OF THE 10TH
Milwaukee Milkmen batting - Pitching for Nashville Outlaws : LHP António Mora
Batting: SHB Mac Ciciarelli 0-0: Called Strike
0-1: Swinging Strike
0-2: Ball
1-2: Ball
2-2: Foul Ball, location: 5FF
2-2: Ball
3-2: Fly out, F9 (Flyball, 9LS, EV 91.3 MPH)
Batting: LHB Tim Massey 0-0: Ball
1-0: Foul Ball, location: 2F
1-1: Swinging Strike
1-2: Foul Ball, location: 2F
1-2: Ball
2-2: Foul Ball, location: 9LMF
2-2: Strikes out looking
Batting: LHB Israel González 0-0: Called Strike
0-1: Swinging Strike
0-2: Foul Ball, location: 7LMFF
0-2: Ball
1-2: Foul Ball, location: 3F
1-2: Ball
2-2: Ball
3-2: Ground out 3-1 (Groundball, 13, EV 89.4 MPH)
Top of the 10th over - 0 runs, 0 hits, 0 errors, 0 left on base; Milwaukee 2 - Nashville 2
BOTTOM OF THE 10TH
Nashville Outlaws batting - Pitching for Milwaukee Milkmen : LHP J.R. Ouzts
Batting: RHB Greg Ritch 0-0: Called Strike
0-1: Foul Ball, location: 2F
0-2: Fly out, F7 (Flyball, 78S, EV 101.3 MPH)
Batting: RHB Joe Del Viscio 0-0: Ball
1-0: Ball
2-0: Ball
3-0: Called Strike
3-1: Fly out, F5 (Popup, 25, EV 89.4 MPH)
Batting: RHB Jed Mergenthal 0-0: Foul Ball, location: 2F
0-1: Ball
1-1: Called Strike
1-2: Ball
2-2: Fly out, F7 (Flyball, 7LM, EV 102.5 MPH)
Bottom of the 10th over - 0 runs, 0 hits, 0 errors, 0 left on base; Milwaukee 2 - Nashville 2
TOP OF THE 11TH
Milwaukee Milkmen batting - Pitching for Nashville Outlaws : LHP António Mora
Pitching: RHP Álex Alvarado
Batting: RHB Cam Smith 0-0: Called Strike
0-1: Swinging Strike
0-2: Foul Ball, location: 9LMF
0-2: Foul Ball, location: 9LMF
0-2: Ground out 3-1 (Groundball, 13, EV 86.3 MPH)
Batting: RHB Ed Neidhardt 0-0: Called Strike
0-1: Called Strike
0-2: Ball
1-2: Strikes out swinging
Batting: LHB Jimmy Donuts 0-0: Called Strike
0-1: Ball
1-1: Fly out, F9 (Flyball, 9, EV 95.6 MPH)
Top of the 11th over - 0 runs, 0 hits, 0 errors, 0 left on base; Milwaukee 2 - Nashville 2
BOTTOM OF THE 11TH
Nashville Outlaws batting - Pitching for Milwaukee Milkmen : LHP J.R. Ouzts
Pitching: RHP Steve Beacon
Batting: RHB Mauro Arrey 0-0: Ball
1-0: Ball
2-0: Foul Ball, location: 3F
2-1: Foul Ball, location: 2F
2-2: Ball
3-2: Ground out 6-3 (Groundball, 6, EV 83.8 MPH)
Batting: LHB Bob Sacamano 0-0: Swinging Strike
0-1: Fly out, F8 (Flyball, 8RD, EV 104.4 MPH)
Pinch Hitting: LHB Reggie Knoth 0-0: Foul Ball, location: 2RF
0-1: Called Strike
0-2: Strikes out swinging
Bottom of the 11th over - 0 runs, 0 hits, 0 errors, 0 left on base; Milwaukee 2 - Nashville 2
TOP OF THE 12TH
Milwaukee Milkmen batting - Pitching for Nashville Outlaws : RHP Álex Alvarado
Now at C: Ron Kiska
Batting: RHB Carlos Valderrama 0-0: Ball
1-0: Ground out 6-3 (Groundball, 6, EV 84.4 MPH)
Batting: RHB Lou Hudley 0-0: Ball
1-0: Ground out 6-3 (Groundball, 56, EV 103.8 MPH)
Batting: RHB Josh Milinovich 0-0: Called Strike
0-1: Swinging Strike
0-2: Strikes out swinging
Top of the 12th over - 0 runs, 0 hits, 0 errors, 0 left on base; Milwaukee 2 - Nashville 2
BOTTOM OF THE 12TH
Nashville Outlaws batting - Pitching for Milwaukee Milkmen : RHP Steve Beacon
Batting: LHB Pancho Amador 0-0: Called Strike
0-1: Ground out U3 (Groundball, 34, EV 105.0 MPH)
Batting: RHB Danny Kirk 0-0: Called Strike
0-1: Foul Ball, location: 2F
0-2: Foul Ball, location: 2F
0-2: Foul Ball, location: 9LMF
0-2: Ball
1-2: SINGLE (Line Drive, 7S, EV 107.5 MPH)
Batting: LHB Joe Loback 0-0: Called Strike
Danny Kirk steals 2nd base
0-1: Ball
1-1: Intentional Walk
Batting: RHB Greg Ritch 0-0: Hit by Pitch
Danny Kirk to third
Joe Loback to second
Batting: RHB Joe Del Viscio 0-0: Fly out, F3 (Popup, 3S, EV 71.9 MPH)
Batting: RHB Jed Mergenthal 0-0: Called Strike
0-1: Ball
1-1: Ball
2-1: Ball
3-1: Base on Balls
Danny Kirk scores
Joe Loback to third
Greg Ritch to second
Bottom of the 12th over - 1 run, 1 hit, 0 errors, 3 left on base; Milwaukee 2 - Nashville 3
Sunday, April 7th , 2024 - OOTP Baseball 24.11 Build 85